 Dungeon Crawl Stone Soup version 0.26.0-10-g1f06aea511 (webtiles) character file.

Game seed: 15024731020627757742

31 Dani the Insei (level 3, -8/26 HPs)
             Began as a Merfolk Transmuter on Feb 6, 2021.
             Splashed by a jelly's acid (10 damage)
             ... on level 2 of the Dungeon.
             The game lasted 00:04:37 (1264 turns).

Dani the Insei (Merfolk Transmuter)                 Turns: 1264, Time: 00:04:38

Health: -8/26      AC: -2    Str: 11    XL:     3   Next: 22%
Magic:  3/6        EV: 13    Int: 12    God:
Gold:   74         SH:  0    Dex: 14    Spells: 3/6 levels left

rFire    . . .     SeeInvis .     - Unarmed
rCold    . . .     Faith    .   (no shield)
rNeg     . . .     Spirit   .   a - +0 robe
rPois    +         Reflect  .   (no helmet)
rElec    .         Harm     .   (no cloak)
rCorr    .         Rampage  .   (no gloves)
Will     .....                  (no boots)
Stlth    ..........             (no amulet)
HPRegen  0.08/turn              o - ring of poison resistance
MPRegen  0.10/turn              i - ring of attention (curse)

@: wereblooded, corroded
A: change form in water, swift swim, stealthy swim
a: no special abilities


You were on level 2 of the Dungeon.
You visited 1 branch of the dungeon, and saw 2 of its levels.

You collected 74 gold pieces.

Inventory:

Hand Weapons
 d - a +1 short sword of venom
   (You took it off a kobold on level 1 of the Dungeon)
 e - a +0 spear of venom
   (You found it on level 1 of the Dungeon)
Armour
 a - a +0 robe (worn)
Jewellery
 i - a cursed ring of attention (right hand)
   (You found it on level 2 of the Dungeon)
 o - a ring of poison resistance (left hand)
   (You took it off a goblin on level 1 of the Dungeon)
Scrolls
 c - a scroll of identify {unknown}
 h - a scroll of teleportation {unknown}
Potions
 b - a potion of mutation {unknown}
 f - a potion of degeneration {unknown}
 g - a potion of might {unknown}


   Skills:
 - Level 1.1 Fighting
 + Level 3.1 Dodging
 * Level 3.8 Unarmed Combat
 + Level 2.2 Spellcasting
 * Level 3.5 Transmutations


You had 3 spell levels left.
You knew the following spells:

 Your Spells              Type           Power        Failure   Level
a - Beastly Appendage     Tmut           18%          6%          1
b - Wereblood             Tmut           9%           10%         2

Your spell library contained the following spells:

 Spells                   Type           Power        Failure   Level
 Spider Form              Tmut/Pois      2%           36%         3
 Ice Form                 Ice/Tmut       5%           78%         4
 Blade Hands              Tmut           4%           87%         5


Dungeon Overview and Level Annotations

Branches:
Dungeon (2/15)

Altars:


Message History

Found a stone staircase leading down.
You miss the bat. The bat barely misses you. The bat completely misses you.
The bat barely misses you. The bat hits you. The bat closely misses you.
You howl as the wereblood boils in your veins!
The bat closely misses you.
You howl as the wereblood boils in your veins!
The bat barely misses you. x2
You barely miss the bat.
Your primal bloodlust is almost over.
The bat barely misses you. x2
The bat hits you but does no damage. x2
The bat misses you. The bat hits you but does no damage. x2
You hit the bat.
The bat is moderately wounded.
The bat closely misses you. The bat hits you but does no damage.
The bat closely misses you.
You hit the bat.
The bat is heavily wounded.
Your primal bloodlust has ended.
The bat hits you but does no damage. The bat closely misses you.
You hit the bat.
You kill the bat!
No target in view!
No target in view!
You now have 74 gold pieces (gained 13).
i - a cabochon ring
Things that are here:
a +0 short sword; 14 stones; a goblin corpse You open the door.
A frilled lizard and a bat come into view.
The bat barely misses you.
Found a stone staircase leading down.
Oops, that ring feels deathly cold.
i - a cursed ring of attention (right hand)
The frilled lizard hisses angrily.
The bat closely misses you. The bat barely misses you.
You hit the bat.
The bat is severely wounded.
The bat barely misses you.
A bat and a jelly come into view.
The jelly quivers.
The bat hits you but does no damage.
There is an open door here.
The bat misses you.
The frilled lizard bites you but does no damage.
Casting: Wereblood (safe; 10% risk of failure)
Confirm with . or Enter, or press ? or * to list all spells.
Your blood is infused with primal strength.
The bat hits you but does no damage. The jelly misses you.
The bat hits you but does no damage.
The frilled lizard completely misses you.
The bat hits you. The jelly hits you but does no damage.
The bat closely misses you.
There is an open door here.
The bat barely misses you.
Casting: Wereblood (safe; 10% risk of failure)
Confirm with . or Enter, or press ? or * to list all spells.
Your blood is freshly infused with primal strength!
The bat hits you but does no damage. The bat barely misses you.
You closely miss the bat.
The bat is severely wounded.
The bat barely misses you. The bat hits you but does no damage.
The jelly misses you. The bat misses you. The bat hits you.
The bat barely misses you. The bat hits you. The bat barely misses you.
The bat closely misses you. The bat hits you but does no damage.
The bat hits you but does no damage. The bat misses you. The bat hits you.
The bat barely misses you. The bat barely misses you.
You hit the bat but do no damage. The bat closely misses you.
The bat misses you. The bat hits you but does no damage.
The bat closely misses you.
You hit the bat.
You kill the bat!
You howl as the wereblood boils in your veins!
The bat closely misses you. The bat hits you.
You hit the bat.
You kill the bat!
You howl as the wereblood boils in your veins!
You hit the jelly. The acid corrodes you!
Your hands burn!
The jelly is lightly wounded.
The jelly hits you.
You are splashed with acid!
* * * LOW HITPOINT WARNING * * *
You hit the jelly but do no damage.
Your hands burn!
* * * LOW HITPOINT WARNING * * *
The jelly is lightly wounded.
You howl as the wereblood boils in your veins!
The jelly barely misses you.
You hit the jelly but do no damage.
Your hands burn!
* * * LOW HITPOINT WARNING * * *
The jelly is lightly wounded.
You howl as the wereblood boils in your veins!
The jelly hits you.
* * * LOW HITPOINT WARNING * * *
You are splashed with acid!
You die...

...........#.# #..#.#....#....#
...........#.# #..#.#.#..#....#
#########.##.###..#.#.#.##....#
# #.##........#.#.......# #
#.######.##.#'#####...# #.#
#.##...........# #.#
#.##...†########## #.#
#.##....'.........
#@###...####.....# .. #J# #...#
#.....# ... #l# #...# #.....#
##.####.# #...# #.....#
........####### #.....#
#........# #.....# #........#
####### #........# #........#


You could see a jelly and a frilled lizard.

Vanquished Creatures
  A worm (D:2)
  A leopard gecko (D:2)
  7 bats
  2 giant cockroaches
  3 hobgoblins (D:1)
  A frilled lizard (D:2)
  4 goblins
  3 kobolds (D:1)
  6 rats
28 creatures vanquished.

Notes
Turn   | Place    | Note
-------+----------+-------------------------------------------
     0 | D:1      | Dani the Merfolk Transmuter began the quest for the Orb.
     0 | D:1      | Reached XP level 1. HP: 15/15 MP: 3/3
   370 | D:1      | Reached skill level 3 in Transmutations
   385 | D:1      | Reached XP level 2. HP: 21/21 MP: 3/5
   388 | D:1      | Learned a level 2 spell: Wereblood
   883 | D:2      | Reached skill level 3 in Dodging
   959 | D:2      | Reached XP level 3. HP: 23/26 MP: 3/6
  1264 | D:2      | HP: 3/26 [acid (4)]
  1264 | D:2      | Splashed by a jelly's acid

Illustrated notes

Levels and vault maps discovered:
D:1:      minmay_arrival_arboretum_small, layout_loops_ring,
          chequers_serial_rivers_room_b, moated_statue, chequers_garden,
          minmay_3d_cube
D:2:      layout_basic

Skill      XL: |  1  2 |
---------------+-------+-----
Transmutations | 3 |  3.5
Dodging        | 3 |  3.1
Fighting       | |  1.1
Unarmed Combat | |  3.8
Spellcasting   | |  2.2

Action                   || total
-------------------------++-------
Melee: Unarmed           ||    99
       Headbutt          ||     8
 Cast: Beastly Appendage ||    11
       Wereblood         ||     6
Armor: Robe              ||    37
Dodge: Dodged            ||   101

Table legend: (Time is in decaauts)
 A = Elapsed time spent in this place.
 B = Non-inter-level travel time spent in this place.
 C = Inter-level travel time spent in this place.
 D = Time resting spent in this place.
 E = Time spent auto-exploring this place.
 F = Levels seen in this place.
 G = Mean time per level.
                   A        B        C        D        E       F      G
               +--------+--------+--------+--------+--------+-----+--------+
         Total |   1251 |   1218 |     33 |    134 |    814 |   2 |  625.5 |
       Dungeon |   1251 |   1218 |     33 |    134 |    814 |   2 |  625.5 |
               +--------+--------+--------+--------+--------+-----+--------+

Top non-repeatable levels by time:
     D:1: 869 daAuts
     D:2: 381 daAuts

Table legend:
 A = Kills in this place as a percentage of kills in entire the game.
 B = Kills by you in this place as a percentage of kills by you in the entire game.
 C = Kills by friends in this place as a percentage of kills by friends in the entire game.
 D = Other kills in this place as a percentage of other kills in the entire game.
 E = Experience gained in this place as a percentage of experience gained in the entire game.
 F = Experience gained in this place divided by the number of levels of this place that you have seen.
                   A       B       C       D       E      F
               +-------+-------+-------+-------+-------+----------------------
         Total | 100.0 | 100.0 |   N/A |   N/A | 100.0 |  22.5
       Dungeon | 100.0 | 100.0 |   N/A |   N/A | 100.0 |  22.5
               +-------+-------+-------+-------+-------+----------------------
